 Dungeon Crawl Stone Soup version 0.32-a0-699-g1ee5eff69a (webtiles) character file.

Game seed: 11659190038413737632

13 Shayle the Apothecary (level 2, -4/21 HPs)
             Began as a Coglin Alchemist on Mar 13, 2024.
             Slain by Terence
             ... wielding a +0 flail
              (11 damage)
             ... on level 2 of the Dungeon.
             The game lasted 00:04:08 (832 turns).

Shayle the Apothecary (Coglin Alchemist)             Turns: 832, Time: 00:04:08

Health: -4/21      AC:  2    Str:  8    XL:     2   Next: 37%
Magic:  0/4        EV: 11    Int: 14    God:
Gold:   70         SH:  0    Dex: 14    Spells: 3/4 levels left

rFire   . . .        f - +0 whip {Ana}
rCold   . . .        h - +0 hand axe {Kanehira}
rNeg    . . .        a - +0 robe
rPois   .            (no helmet)
rElec   .            (no cloak)
rCorr   .            (no gloves)
SInv    .            (no boots)
Will    .....        (amulet unavailable)
Stlth   ++           (ring unavailable)
HPRegen 0.23/turn    (ring unavailable)
MPRegen 0.09/turn    (no gizmo)

%: no passive effects
@: revved
A: off-hand wielding, slow wielding, warmup strikes, no jewellery
a: Invent Gizmo


You were on level 2 of the Dungeon.
You visited 1 branch of the dungeon, and saw 2 of its levels.

You collected 70 gold pieces.

Inventory:

Hand Weapons
 f - a +0 whip (weapon) {Ana}
 h - a +0 hand axe (offhand) {Kanehira}
Armour
 a - a +0 robe (worn)
Scrolls
 g - a scroll of teleportation {unknown}
 i - 2 scrolls of identify {unknown}
 l - a scroll of immolation {unknown}
 m - a scroll of enchant armour {unknown}
 n - 2 scrolls of silence {unknown}
 p - a scroll of fear {unknown}
Potions
 b - a potion of magic
 c - a potion of invisibility {unknown}
 d - a potion of curing {unknown}
 e - a potion of brilliance {unknown}
 j - a potion of ambrosia {unknown}
 k - 2 potions of enlightenment {unknown}
 o - a potion of might {unknown}


   Skills:
 + Level 1.2 Fighting
 + Level 1.1 Ranged Weapons
 - Level 1.7 Dodging
 - Level 1.5 Stealth
 - Level 1.7 Spellcasting
 - Level 0.8 Conjurations
 - Level 3.2 Alchemy


You had 3 spell levels left.
You knew the following spells:

 Your Spells              Type           Power      Damage    Failure   Level
a - Sting                 Conj/Alch      28%        1d4       11%         1

Your spell library contained the following spells:

 Spells                   Type           Power      Damage    Failure   Level
 Mercury Vapours          Alch/Air       10%        N/A       19%         2
 Momentum Strike          Conj/Tloc      4%         3d8       30%         2
 Blink                    Tloc           2%         N/A       36%         2
 Lesser Beckoning         Tloc           2%         N/A       36%         2
 Mephitic Cloud           Conj/Alch/Air  5%         N/A       38%         3
 Olgreb's Toxic Radiance  Alch           10%        N/A       54%         4
 Sticky Flame             Fire/Alch      5%         2d4       77%         4


Dungeon Overview and Level Annotations

Branches:
Dungeon (2/15)

Altars:

Annotations:
D:2 Terence


Innate Abilities, Weirdness & Mutations

You can wield a second weapon in your off-hand.
It takes a long time for you to wield or remove held weapons.
Your first few attacks do less damage.
You cannot equip rings or amulets.


Message History

Unknown command.
You hit Terence with your +0 whip.
Terence is heavily wounded.
You hit Terence but do no damage.
Terence asks, "Do you want it fast or slow?"
Terence barely misses you.
You barely miss Terence with your +0 whip.
Terence is severely wounded.
You hit Terence but do no damage.
A dart slug comes into view.
Terence closely misses you.
You hit Terence but do no damage.
Terence is severely wounded.
You hit Terence but do no damage. Terence says, "Did you write a will?
You should..."
Terence closely misses you.
You hit Terence with your +0 whip.
Terence is severely wounded.
You hit Terence but do no damage. Terence hits you with a +0 flail! x2
Casting: Sting (safe; 11% risk of failure)
Confirm with . or Enter, or press ? or * to list all spells.
Aiming: Sting (safe; 11% risk of failure)
Press: ? - help, Shift-Dir - straight line, f/p - Terence
Aim: Terence, wielding a +0 flail and wearing a +0 ring mail (severely wounded, poisoned, 72% to hit)
The sting hits Terence but does no damage.
Terence looks even sicker.
Terence is severely wounded.
Terence closely misses you.
Casting: Sting (safe; 11% risk of failure)
Confirm with . or Enter, or press ? or * to list all spells.
Aiming: Sting (safe; 11% risk of failure)
Press: ? - help, Shift-Dir - straight line, f/p - Terence
Aim: Terence, wielding a +0 flail and wearing a +0 ring mail (severely wounded, very poisoned, 72% to hit)
The sting hits Terence but does no damage.
Terence looks even sicker.
Terence is severely wounded.
Terence hits you with a +0 flail!
Ouch! That really hurt!
You die...
Terence says, "Rest in peace."

#####
#?..#
###...#
.>...#
#....#
#....#
#<@@.#
#.#...w...
#.#####...
#.. . ...
#... #.##
#.#


You could see Terence (very poisoned) and a dart slug.

Vanquished Creatures
  4 bats (D:1)
  An endoplasm (D:1)
  A giant cockroach (D:1)
  A hobgoblin (D:1)
  A kobold (D:1)
  A frilled lizard (D:1)
  3 rats (D:1)
12 creatures vanquished.

Notes
Turn   | Place    | Note
-------+----------+-------------------------------------------
     0 | D:1      | Shayle the Coglin Alchemist began the quest for the Orb.
     0 | D:1      | Reached XP level 1. HP: 13/13 MP: 3/3
   241 | D:1      | Reached skill level 1 in Fighting
   241 | D:1      | Reached XP level 2. HP: 20/21 MP: 2/4
   271 | D:1      | Reached skill level 1 in Ranged Weapons
   521 | D:1      | Found a faded altar of an unknown god.
   822 | D:2      | Noticed Terence
   832 | D:2      | Slain by Terence

Illustrated notes

Levels and vault maps discovered:
D:1:      minmay_arrival_nine_rooms, layout_loops_cross,
          dreamdust_ecumenical_altar_hidden_monk_grotto, minmay_fountain_box,
          minivault_14
D:2:      layout_basic, basic_altar, uniq_terence

Skill      XL: |  1  2 |
---------------+-------+-----
Fighting       | 1 |  1.2
Ranged Weapons | 1 |  1.1
Dodging        | |  1.7
Stealth        | |  1.5
Spellcasting   | |  1.7
Conjurations   | |  0.8
Alchemy        | |  3.2

Action                     || total
---------------------------++-------
  Melee: Hand axe          ||    16
         Whip              ||    18
         Unarmed           ||     3
   Cast: Sting             ||    16
   Stab: Sleeping          ||     3
 Armour: Robe              ||    14
  Dodge: Dodged            ||    17

Table legend: (Time is in decaauts)
 A = Elapsed time spent in this place.
 B = Non-inter-level travel time spent in this place.
 C = Inter-level travel time spent in this place.
 D = Time resting spent in this place.
 E = Time spent auto-exploring this place.
 F = Levels seen in this place.
 G = Mean time per level.
                   A        B        C        D        E       F      G
               +--------+--------+--------+--------+--------+-----+--------+
         Total |    835 |    821 |     14 |     31 |    584 |   2 |  417.5 |
       Dungeon |    835 |    821 |     14 |     31 |    584 |   2 |  417.5 |
               +--------+--------+--------+--------+--------+-----+--------+

Top non-repeatable levels by time:
     D:1: 824 daAuts
     D:2: 10 daAuts
